 Dungeon Crawl Stone Soup version 0.22-a0-358-g7563fe7 (webtiles) character file.

277 Amnesiac the Conjurer (level 6, -1/36 HPs)
             Began as a Deep Elf Conjurer on Apr 18, 2018.
             Was an Initiate of Ru.
             Slain by Ijyb (3 damage)
             ... on level 4 of the Dungeon.
             The game lasted 00:05:23 (2906 turns).

Amnesiac the Conjurer (Deep Elf Conjurer)           Turns: 2906, Time: 00:05:24

Health: -1/36      AC:  6    Str:  5    XL:     6   Next: 4%
Magic:  2/12       EV: 18    Int: 22    God:    Ru [......]
Gold:   126        SH:  6    Dex: 22    Spells: 6/11 levels left

rFire    . . .     SeeInvis .   c - +3 whip (elec)
rCold    + . .     Gourm    .   m - +0 buckler
rNeg     . . .     Faith    .   h - +1 robe
rPois    .         Spirit   .   (no helmet)
rElec    .         Reflect  .   (no cloak)
rCorr    .         Harm     .   k - +2 pair of gloves
MR       .....                  (no boots)
Stlth    ++++......             (no amulet)
HPRegen  0.12/turn              a - ring of protection from cold
MPRegen  0.13/turn              (no ring)

@: agile, lethally poisoned (-1 -> -2), very slightly contaminated
A: agile 1, mutation resistance 1
a: Renounce Religion


You were on level 4 of the Dungeon.
You worshipped Ru.
Ru was noncommittal.
You were not hungry.

You visited 2 branches of the dungeon, and saw 5 of its levels.

You collected 126 gold pieces.

Inventory:

Hand Weapons
 c - a +3 whip of electrocution (weapon)
 j - a +0 hunting sling
Missiles
 n - 87 stones (quivered)
Armour
 h - a +1 robe (worn)
 k - a +2 pair of gloves (worn)
 m - a +0 buckler (worn)
Jewellery
 a - a ring of protection from cold (left hand)
Scrolls
 b - 2 scrolls of enchant armour {!r}
 g - 2 scrolls of remove curse {!r}
Comestibles
 f - 5 chunks of flesh


   Skills:
 - Level 2.4 Fighting
 - Level 2.4 Dodging
 - Level 2.4 Stealth
 + Level 3.6 Shields
 - Level 3.0 Spellcasting
 - Level 5.0 Conjurations


You had 6 spell levels left.
You knew the following spells:

 Your Spells              Type           Power        Failure   Level  Hunger
a - Magic Dart            Conj           ####         1%          1    None
d - Iskenderun's Mystic   Conj           ####....     16%         4    ####...


Dungeon Overview and Level Annotations

Branches:
Dungeon (4/15)             Temple (1/1) D:4

Altars:
Ashenzari
Hepliaklqana
Okawaru
Qazlal
Ru
Trog
Uskayaw
Xom
Yredelemnul

Annotations:
D:3 Demitroll's ghost, amateur DsGl
D:4 Ijyb


Innate Abilities, Weirdness & Mutations

You are agile. (Dex +2)
You are somewhat resistant to further mutation.


Message History

You have reached level 6!
Your experience leads to an increase in your attributes!
Your base attributes are Str 5, Int 21, Dex 15.
Increase (S)trength, (I)ntelligence, or (D)exterity?
You feel clever.
Casting: Iskenderun's Mystic Blast (slightly dangerous; 16% risk of failure)
Confirm with . or Enter, or press ? or * to list all spells.
Aiming: Magic Dart (safe; 1% risk of failure)
Press: ? - help, Shift-Dir - straight line, f - gnoll
Aim: a gnoll, wielding a whip (moderately wounded)
The magic dart hits the gnoll.
The gnoll is moderately wounded.
You feel sick. You block the gnoll's attack.
Unknown command.
You hit the gnoll.
The gnoll is severely wounded.
The gnoll barely misses you. The gnoll hits you with a whip.
* * * LOW HITPOINT WARNING * * *
You hit the gnoll. Lightning courses through the gnoll!
You kill the gnoll!
You feel sick.
You closely miss Ijyb. Ijyb closely misses you. Ijyb completely misses you.
Casting: Magic Dart (safe; 1% risk of failure)
Confirm with . or Enter, or press ? or * to list all spells.
Aiming: Iskenderun's Mystic Blast (slightly dangerous; 16% risk of failure)
Press: ? - help, Shift-Dir - straight line, f - Ijyb
Aim: Ijyb, wearing a ring mail You miscast Iskenderun's Mystic Blast.
Your skin glows momentarily.
You feel sick. Ijyb hits you.
* * * LOW HITPOINT WARNING * * *
Unknown command.
You hit Ijyb but do no damage. You block Ijyb's attack.
You barely miss Ijyb. Ijyb completely misses you.
You barely miss Ijyb.
You feel sick. Ijyb completely misses you.
You completely miss Ijyb. Ijyb misses you.
Okay, then.
You hit Ijyb but do no damage. Ijyb hits you but does no damage.
Really quaff
d - a potion of agility {!q}?
You feel more agile all of a sudden. You block Ijyb's attack.
You hit Ijyb.
Ijyb is lightly wounded.
You feel sick. Ijyb barely misses you.
You closely miss Ijyb.
Ijyb is lightly wounded.
Ijyb hits you but does no damage.
You hit Ijyb but do no damage.
Ijyb is lightly wounded.
Ijyb misses you.
You closely miss Ijyb.
Ijyb is lightly wounded.
You feel sick. Ijyb hits you but does no damage.
You hit Ijyb.
Ijyb is lightly wounded.
Ijyb hits you.
* * * LOW HITPOINT WARNING * * *
Ijyb hits you but does no damage.
You hit Ijyb. Lightning courses through Ijyb!
Ijyb is almost dead.
Ijyb closely misses you.
You barely miss Ijyb.
Ijyb is almost dead.
Ijyb hits you.
You die...

### #@# #g# #)## #).#
...#### ****** #.....#
*,,,,* #..##..#
*,,,,########..##'#### .
*,,>,+...............#.#


You could see Ijyb.

Vanquished Creatures
  A scorpion (D:4)
  A bullfrog skeleton (D:3)
  An orc priest (D:4)
  A worker ant (Temple)
  2 gnolls
  4 adders
  3 worms (D:2)
  2 dart slugs (D:1)
  4 leopard geckos
  9 orcs
  5 bats
  5 giant cockroaches
  8 goblins
  4 hobgoblins
  2 jackals (D:1)
  7 kobolds
  A quokka (D:4)
  2 ball pythons
  3 frilled lizards
  7 rats
72 creatures vanquished.

Vanquished Creatures (others)
  A plant (D:4)
1 creature vanquished.

Grand Total: 73 creatures vanquished

Notes
Turn   | Place    | Note
-------+----------+-------------------------------------------
     0 | D:1      | Amnesiac the Deep Elf Conjurer began the quest for the Orb.
     0 | D:1      | Reached XP level 1. HP: 10/10 MP: 6/6
    79 | D:1      | Reached skill level 1 in Fighting
    79 | D:1      | Reached XP level 2. HP: 13/16 MP: 0/8
   473 | D:1      | Reached XP level 3. HP: 21/21 MP: 4/9
  1215 | D:2      | Reached skill level 5 in Conjurations
  1215 | D:2      | Reached XP level 4. HP: 27/27 MP: 0/10
  2063 | D:2      | Reached skill level 1 in Shields
  2296 | D:4      | Reached XP level 5. HP: 24/31 MP: 1/11
  2438 | D:4      | Noticed Ijyb
  2440 | D:4      | Found a staircase to the Ecumenical Temple.
  2456 | Temple   | Entered the Ecumenical Temple
  2458 | Temple   | Gained mutation: You are somewhat resistant to further mutation. [potion of mutation]
  2458 | Temple   | Gained mutation: You are agile. (Dex +2) [potion of mutation]
  2475 | Temple   | Learned a level 4 spell: Iskenderun's Mystic Blast
  2482 | Temple   | HP: 1/31 [poisoned by a worker ant]
  2760 | Temple   | Became a worshipper of Ru the Awakened
  2864 | D:3      | Noticed Demitroll's ghost (amateur DsGl)
  2888 | D:4      | Reached XP level 6. HP: 9/36 MP: 4/12
  2904 | D:4      | HP: 1/36 [Ijyb (1)]
  2906 | D:4      | Slain by Ijyb

Vault maps used:
D:1:      lightli_arrival_quake
D:4:      cheibrodos_old_hovel, minmay_temple_entry_statues, uniq_ijyb,
          uniq_menkaure
Temple:   compressed_dpeg_triangle_lava_temple

Skill      XL: |  1  2  3  4  5 |
---------------+----------------+-----
Fighting       | 1 2 |  2.4
Conjurations   | 5 |  5.0
Shields        | 2 3 |  3.6
Dodging        | |  2.4
Stealth        | |  2.4
Spellcasting   | |  3.0

Action                   |  1- 3 |  4- 6 || total
-------------------------+-------+-------++-------
Melee: Unarmed           |    35 |     6 ||    41
       Whip              |       |    42 ||    42
 Fire: Hunting sling     |       |     4 ||     4
 Cast: Magic Dart        |    85 |    45 ||   130
       Iskenderun's Myst |       |     1 ||     1
  Use: Scroll            |     3 |     5 ||     8
       Potion            |     1 |     5 ||     6
 Stab: Sleeping          |       |     1 ||     1
  Eat: Chunk             |     1 |     2 ||     3
       Ration            |       |     1 ||     1
Armor: Robe              |     9 |    19 ||    28
       Skin              |       |    19 ||    19
Dodge: Dodged            |    35 |    65 ||   100
Block: Buckler           |       |    26 ||    26

Table legend:
 A = Spawn XP
 B = Non-spawn XP
 C = Spawn XP percentage of total XP
 D = Spawn monster count
 E = Non-spawn monster count
 F = Spawn count percentage of total count
 G = Total turns spent on level
                    A         B        C        D         E        F      G
               +---------+---------+-------+---------+---------+-------+---------
         Total |       0 |     397 |   0.0 |       0 |      72 |   0.0 |  2906
               +---------+---------+-------+---------+---------+-------+---------
           D:1 |       0 |      60 |   0.0 |       0 |      32 |   0.0 |   900
           D:2 |       0 |      62 |   0.0 |       0 |      16 |   0.0 |  1281
           D:3 |       0 |      76 |   0.0 |       0 |       8 |   0.0 |    93
           D:4 |       0 |     162 |   0.0 |       0 |      14 |   0.0 |   309
        Temple |       0 |      37 |   0.0 |       0 |       2 |   0.0 |   323
               +---------+---------+-------+---------+---------+-------+---------
